 Dungeon Crawl Stone Soup version 0.21-a0-349-g0c35859 (webtiles) character file.

47381 vishdafish the Carver (level 14, 0/103 HPs)
             Began as a Demonspawn Fighter on Oct 7, 2017.
             Was the Champion of Makhleb.
             Slain by a catoblepas (4 damage)
             ... on level 6 of the Lair of Beasts.
             The game lasted 00:39:21 (18311 turns).

vishdafish the Carver (Demonspawn Fighter)         Turns: 18311, Time: 00:39:21

Health: 0/103      AC: 15    Str: 23    XL:     14   Next: 8%
Magic:  0/23       EV:  2    Int: 15    God:    Makhleb [******]
Gold:   1499       SH:  0    Dex: 13    Spells: 25/25 levels left

rFire    + . .     SeeInvis .   U - +9 long sword "Impbane" {flame, *Drain rElec rN+ Str+5}
rCold    . . .     Gourm    .   O - +0 shield {AC+3}
rNeg     + + +     Faith    .   G - +0 chain mail {rPois}
rPois    ∞         Spirit   +   (helmet unavailable)
rElec    +         Reflect  .   (no cloak)
rCorr    .         Harm     .   h - +0 pair of gloves
MR       +....                  (no boots)
Stlth    ..........             E - amulet of guardian spirit
HPRegen  0.27/turn              Z - +2 ring of slaying
MPRegen  0.18/turn              V - +2 ring of slaying

@: petrified
A: horns 3, repulsion field 2, demonic guardian 2, fire resistance 1, mutation
resistance 1, robust 1, spiny 2, strong 1
a: Minor Destruction, Lesser Servant of Makhleb, Major Destruction, Greater
Servant of Makhleb, Renounce Religion


You were on level 6 of the Lair of Beasts.
You worshipped Makhleb.
Makhleb was exalted by your worship.
You were not hungry.

You visited 3 branches of the dungeon, and saw 19 of its levels.
You also visited: Sewer.

You collected 1579 gold pieces.
You spent 80 gold pieces at shops.

Inventory:

Hand Weapons
 R - the +9 heavy crossbow "Sniper" {velocity, Acc+∞ SInv}
   (You found it on level 2 of the Lair of Beasts)

   Any bolt fired from it inflicts extra damage.
   It lets you see invisible.
 U - the +9 long sword "Impbane" (weapon) {flame, *Drain rElec rN+ Str+5}
   (You found it on level 2 of the Lair of Beasts)

   It has been specially enchanted to burn those struck by it, causing extra
   injury to most foes and up to half again as much damage against particularly
   susceptible opponents.
   Big, fiery blades are also staple armaments of hydra-hunters.
   It affects your strength (+5).
   It insulates you from electricity.
   It protects you from negative energy.
   It causes draining when unequipped.
Missiles
 I - 16 bolts
 W - a throwing net (quivered)
Armour
 a - the cursed +1 robe of Hide-and-Seek {*Drain rPois rN+++ Regen+, unknown}
   (You found it on level 5 of the Lair of Beasts)

   It protects you from poison.
   It renders you almost immune to negative energy.
   It increases your rate of regeneration.
   It causes draining when unequipped.
   It has a curse placed upon it.
 h - a +0 pair of gloves (worn)
 G - a +0 chain mail of poison resistance (worn)
 O - a +0 shield of protection (worn)
Jewellery
 b - an uncursed ring of protection from fire
 E - an amulet of guardian spirit (around neck)
 T - an uncursed ring of flight
 V - a +2 ring of slaying (right hand)
 Z - a +2 ring of slaying (left hand)
Wands
 c - a wand of polymorph (5/24)
 t - a wand of iceblast (2/15)
 L - a wand of digging (19/24)
 P - a wand of flame (20/48)
 S - a wand of lightning (8/15)
 Y - a wand of flame (20/48)
Scrolls
 e - a scroll of fog {unknown}
 j - 3 scrolls of amnesia {unknown}
 q - 3 scrolls of immolation {unknown}
 u - 3 scrolls of blinking {unknown}
 v - 4 scrolls of enchant weapon
 w - 2 scrolls of recharging {unknown}
 x - 3 scrolls of magic mapping {unknown}
 y - 2 scrolls of torment {unknown}
 D - 5 scrolls of enchant armour
 N - 3 scrolls of teleportation {unknown}
 Q - a scroll of noise
 X - a scroll of remove curse
Potions
 d - 3 potions of might
 i - 3 potions of lignification
 k - 2 potions of haste
 m - 7 potions of curing
 n - 6 potions of brilliance
 o - 4 potions of mutation
 p - a potion of ambrosia {unknown}
 r - 5 potions of agility
 z - 4 potions of degeneration
 A - 7 potions of flight
 C - a potion of magic {unknown}
 H - 6 potions of heal wounds
 J - a potion of resistance {unknown}
 K - a potion of invisibility {unknown}
 M - 2 potions of cancellation
Books
 g - a book of Party Tricks

   Spells                             Type                      Level
   a - Summon Butterflies             Summoning                    1
   b - Apportation                    Translocation                1
   c - Lesser Beckoning               Translocation                3
   d - Tukima's Dance                 Hexes                        3
   e - Alistair's Intoxication        Transmutation/Poison         5
   f - Invisibility                   Hexes                        6
 B - a book of Misfortune

   Spells                             Type                      Level
   a - Confusing Touch                Hexes                        1
   b - Confuse                        Hexes                        3
   c - Gell's Gravitas                Translocation                3
   d - Petrify                        Transmutation/Earth          4
   e - Metabolic Englaciation         Hexes/Ice                    5
   f - Yara's Violent Unravelling     Hexes/Transmutation          5
Comestibles
 f - 6 bread rations
 l - 28 fruits
 s - 10 meat rations
 F - 13 royal jellies


   Skills:
 - Level 3.7 Fighting
 * Level 13.7 Long Blades
 - Level 9.0 Armour
 - Level 10.3 Dodging
 + Level 9.4 Shields
 - Level 6.0 Spellcasting
 - Level 8.0 Invocations


You had 25 spell levels left.
You didn't know any spells.

Dungeon Overview and Level Annotations

Branches:
Dungeon (12/15)            Temple (1/1) D:4            Lair (6/6) D:8
  Swamp (0/4) Lair:4        Snake (0/4) Lair:2        Slime (0/5) Lair:6
    Orc (0/2) D:11

Altars:
Ashenzari
Cheibriados
Fedhas
Makhleb
Wu Jian
The Shining One
Jiyva

Shops:
D:4 !   D:6 =

Annotations:
Lair:6 Vajrapani's ghost, journeyman GnWr


Innate Abilities, Weirdness & Mutations

You have a pair of large horns on your head.
You are surrounded by a moderate repulsion field. (EV +3)
A demonic guardian rushes to your aid.
You are robust. (+10% HP)
You are mostly covered in sharp spines.
Your flesh is heat resistant. (rF+)
You are somewhat resistant to further mutation.
Your muscles are strong. (Str +2)


Message History

* * * LOW HITPOINT WARNING * * *
The catoblepas breathes a plume of calcifying dust at you.
The blast of calcifying dust hits you!
The plant is engulfed in calcifying dust.
The death yak gores you!
* * * LOW HITPOINT WARNING * * *
The catoblepas breathes a plume of calcifying dust at you.
The blast of calcifying dust hits you!
* * * LOW HITPOINT WARNING * * *
You are engulfed in calcifying dust.
The death yak is struck by your spines. The death yak gores you!
* * * LOW HITPOINT WARNING * * *
The catoblepas gores you!!
* * * LOW HITPOINT WARNING * * *
You are engulfed in calcifying dust.
The death yak is struck by your spines. The death yak gores you!
* * * LOW HITPOINT WARNING * * *
The catoblepas is struck by your spines.
The catoblepas gores you!
You die...

### #.###
##..P#####
#.........
#.....##
#YY.÷.#
##@#÷...# #
##..#......#
#
##§.##.....÷.
# #P.P#
......8 #.P.#
..##... #...#
.## ##. #...#
.. ##..#
#..## #


You could see a death yak and a catoblepas.

Vanquished Creatures
  Nessos (Lair:5)
  3 hydras
  10 death yaks
  An unseen horror (D:12)
  An elephant (Lair:6)
  6 black mambas
  Joseph (D:10)
  8 spiny frogs
  3 rime drakes
  4 komodo dragons
  3 polar bears
  Prince Ribbit (D:7)
  5 hippogriffs
  5 blink frogs
  6 wyverns
  A shadow (D:12)
  11 basilisks
  Grum (D:9)
  A hungry ghost (D:7)
  24 yaks
  4 hogs (Lair:6)
  6 vampire mosquitoes (Lair:4)
  3 nagas (Lair:2)
  2 hell hounds (Lair:5)
  6 porcupines
  13 water moccasins
  4 orc warriors
  3 sky beasts
  An ice beast (D:12)
  A necrophage (D:12)
  4 phantoms
  An ogre (D:8)
  6 wolves
  3 centaurs
  8 crocodiles
  3 big kobolds
  Blork the orc (D:5)
  12 bullfrogs
  A scorpion (D:6)
  4 wights
  15 killer bees
  5 electric eels
  6 howler monkeys
  8 crimson imps
  2 jellies
  6 orc priests
  2 hounds
  An iguana (D:5)
  A centaur skeleton (D:6)
  10 orc wizards
  4 worker ants
  A killer bee zombie (D:9)
  3 hound skeletons
  A worker ant zombie (D:7)
  A howler monkey skeleton (D:10)
  15 adders
  2 shadow imps
  2 oozes
  4 adder skeletons
  2 worms
  A dart slug (D:4)
  3 leopard geckos
  45 orcs
  4 ball pythons
  7 bats
  11 giant cockroaches
  16 goblins
  9 hobgoblins
  25 jackals
  4 quokkas
  5 frilled lizards
  35 kobolds
  A leopard gecko skeleton (D:6)
  A quokka skeleton (D:4)
  8 rats
448 creatures vanquished.

Vanquished Creatures (collateral kills)
  Kirke (Lair:6)
  The ghost of vishdafish the Basher, a journeyman TrNe of Nemelex Xobeh (Lair:1)
  Snorg (D:10)
  A hydra (Lair:4)
  The ghost of Monsterracer the Thaumaturge, a journeyman GnWz of Ashenzari (Lair:1)
  A centaur warrior (D:12)
  3 two-headed ogres
  4 death yaks
  An oklob plant (D:10)
  An ugly thing (D:12)
  A manticore (D:11)
  2 centaur zombies
  6 elephants
  A spiny frog (Lair:1)
  A queen bee (D:9)
  2 blink frogs
  4 hippogriffs
  Grinder (D:5)
  2 wyverns (Lair:5)
  A vampire (D:12)
  A hog (Lair:6)
  5 basilisks
  16 yaks
  A hungry ghost (D:10)
  2 wargs (D:11)
  2 water moccasins
  4 orc warriors
  3 centaurs
  A wolf (D:9)
  A crocodile (Lair:1)
  A big kobold (D:10)
  A bullfrog (D:11)
  2 scorpions
  4 killer bees (D:9)
  2 wights (D:11)
  2 howler monkeys
  A crimson imp (D:10)
  7 orc priests
  2 hounds
  2 orc wizards
  4 worker ants
  2 adders
  A shadow imp (D:6)
  A worm (D:4)
  A leopard gecko (D:6)
  15 orcs
  2 jackals
  2 kobolds (D:10)
  A fungus (Lair:5)
  3 plants (D:10)
128 creatures vanquished.

Vanquished Creatures (others)
  A fungus (Lair:6)
  3 plants
4 creatures vanquished.

Grand Total: 580 creatures vanquished

Notes
Turn   | Place    | Note
-------+----------+-------------------------------------------
     0 | D:1      | vishdafish the Demonspawn Fighter began the quest for the Orb.
     0 | D:1      | Reached XP level 1. HP: 18/18 MP: 1/1
   133 | D:1      | Reached skill level 2 in Long Blades
   150 | D:1      | Gained mutation: A weak demonic guardian rushes to your aid. [demonic ancestry]
   150 | D:1      | Reached XP level 2. HP: 15/24 MP: 2/2
   545 | D:1      | Reached skill level 1 in Dodging
   705 | D:2      | Reached XP level 3. HP: 24/29 MP: 3/3
  1534 | D:3      | Reached XP level 4. HP: 32/35 MP: 4/4
  1782 | D:3      | Found a shattered altar of Ashenzari.
  1907 | D:3      | Reached XP level 5. HP: 22/41 MP: 5/5
  1925 | D:3      | HP: 2/41 [poisoned by an orc wizard]
  1933 | D:3      | HP: 1/41 [poisoned by an orc wizard]
  2519 | D:3      | Reached skill level 3 in Long Blades
  2543 | D:3      | Found a faded altar of an unknown god.
  3286 | D:4      | Gained mutation: A demonic guardian rushes to your aid. [demonic ancestry]
  3286 | D:4      | Reached XP level 6. HP: 23/48 MP: 6/6
  3551 | D:4      | Found a staircase to the Ecumenical Temple.
  3608 | Temple   | Entered the Ecumenical Temple
  3615 | Temple   | Became a worshipper of Makhleb the Destroyer
  3810 | D:4      | Reached skill level 1 in Invocations
  3947 | D:4      | Found Keenno Erua's Distillery.
  3963 | D:4      | Gained mutation: Your muscles are strong. (Str +2) [potion of mutation]
  3963 | D:4      | Gained mutation: Your flesh is heat resistant. (rF+) [potion of mutation]
  4057 | D:4      | Bought a potion of mutation for 80 gold pieces
  4316 | D:4      | Reached * piety under Makhleb
  4493 | D:5      | Entered Level 5 of the Dungeon
  4509 | D:5      | Gained mutation: You are surrounded by a mild repulsion field. (EV +2) [demonic ancestry]
  4509 | D:5      | Reached XP level 7. HP: 24/53 MP: 8/8
  4737 | D:5      | Reached skill level 4 in Long Blades
  5082 | D:5      | Noticed Blork the orc
  5107 | D:5      | Killed Blork the orc
  5289 | D:5      | Noticed Grinder
  5297 | D:5      | Killed Grinder
  5488 | D:5      | Gained mutation: You are somewhat resistant to further mutation. [mutagenic meat]
  5496 | D:5      | Gained mutation: You have a pair of small horns on your head. [demonic ancestry]
  5496 | D:5      | Reached XP level 8. HP: 47/60 MP: 11/11
  5849 | D:6      | Found a glowing golden altar of the Shining One.
  5857 | D:6      | Reached ** piety under Makhleb
  5969 | D:6      | Reached skill level 5 in Long Blades
  5981 | D:6      | Reached skill level 5 in Invocations
  6052 | D:6      | Found Meastriot's Jewellery Shoppe.
  6141 | D:6      | Found a glowing drain.
  6186 | Sewer    | Entered a sewer
  6257 | Sewer    | Reached *** piety under Makhleb
  6407 | Sewer    | Reached skill level 5 in Dodging
  6680 | D:7      | Noticed a hippogriff
  6810 | D:7      | Killed a hippogriff
  6831 | D:7      | Gained mutation: You are partially covered in sharp spines. [demonic ancestry]
  6831 | D:7      | Reached XP level 9. HP: 65/65 MP: 13/13
  7269 | D:7      | Noticed Prince Ribbit
  7284 | D:7      | Killed Prince Ribbit
  7392 | D:7      | Reached skill level 6 in Long Blades
  7517 | D:8      | Reached **** piety under Makhleb
  7574 | D:8      | Reached skill level 5 in Armour
  7733 | D:8      | Reached skill level 5 in Shields
  8104 | D:8      | Found a staircase to the Lair.
  8820 | D:9      | Noticed Grum
  8831 | D:9      | Reached skill level 1 in Spellcasting
  8833 | D:9      | Killed Grum
  8843 | D:9      | Noticed a two-headed ogre
  8850 | D:9      | Killed a two-headed ogre
  8850 | D:9      | Reached skill level 7 in Long Blades
  8850 | D:9      | Gained mutation: You have a pair of horns on your head. [demonic ancestry]
  8850 | D:9      | Reached XP level 10. HP: 15/71 MP: 7/16
  9374 | D:9      | Reached ***** piety under Makhleb
  9607 | D:9      | Reached skill level 8 in Long Blades
  9779 | D:10     | Entered Level 10 of the Dungeon
  9837 | D:10     | Noticed Joseph
  9860 | D:10     | HP: 2/71 [komodo dragon (20)]
  9862 | D:10     | Killed Joseph
  9904 | D:10     | Reached skill level 5 in Spellcasting
  9912 | D:10     | Gained mutation: You are robust. (+10% HP) [demonic ancestry]
  9912 | D:10     | Reached XP level 11. HP: 39/83 MP: 5/18
 10446 | D:10     | Found a blossoming altar of Fedhas.
 10486 | D:10     | Noticed an oklob plant
 10542 | D:10     | Killed an oklob plant
 10668 | D:10     | Noticed Snorg
 10676 | D:10     | Killed Snorg
 10786 | D:11     | Noticed a two-headed ogre
 10790 | D:11     | Killed a two-headed ogre
 10799 | D:11     | Reached skill level 9 in Long Blades
 10804 | D:11     | Found a staircase to the Orcish Mines.
 12183 | D:12     | Noticed a two-headed ogre
 12188 | D:12     | Killed a two-headed ogre
 12202 | D:12     | Noticed a centaur warrior
 12209 | D:12     | Killed a centaur warrior
 12338 | D:12     | Noticed a cyan ugly thing
 12346 | D:12     | Killed a cyan ugly thing
 12684 | D:12     | Killed an unseen horror
 12857 | D:12     | Reached skill level 10 in Long Blades
 13143 | Lair:1   | Entered Level 1 of the Lair of Beasts
 13181 | Lair:1   | Noticed vishdafish's ghost (journeyman TrNe)
 13187 | Lair:1   | Gained mutation: You are mostly covered in sharp spines. [demonic ancestry]
 13187 | Lair:1   | Reached XP level 12. HP: 81/91 MP: 17/21
 13207 | Lair:1   | Killed vishdafish's ghost
 13207 | Lair:1   | Reached skill level 10 in Dodging
 13355 | Lair:1   | Noticed Monsterracer's ghost (journeyman GnWz)
 13400 | Lair:1   | Killed Monsterracer's ghost
 13585 | Lair:1   | Reached ****** piety under Makhleb
 13954 | Lair:2   | Found the +9 heavy crossbow "Sniper" {velocity, Acc+∞ SInv}
 14035 | Lair:2   | Found a staircase to the Snake Pit.
 14391 | Lair:2   | HP: 4/91 [komodo dragon (7)]
 14869 | Lair:2   | Got a smoking long sword
 14870 | Lair:2   | Identified the +9 long sword "Impbane" {flame, *Drain rElec rN+ Str+5} (You found it on level 2 of the Lair of Beasts)
 15270 | Lair:3   | Noticed a death yak
 15270 | Lair:3   | Noticed a death yak
 15270 | Lair:3   | Noticed a death yak
 15270 | Lair:3   | Noticed a death yak
 15270 | Lair:3   | Noticed a death yak
 15282 | Lair:2   | Killed a death yak
 15331 | Lair:2   | Killed a death yak
 15338 | Lair:2   | Killed a death yak
 15338 | Lair:2   | Reached skill level 11 in Long Blades
 15339 | Lair:2   | Killed a death yak
 15350 | Lair:2   | Killed a death yak
 16026 | Lair:4   | Found a staircase to the Swamp.
 16058 | Lair:4   | Noticed a four-headed hydra
 16059 | Lair:4   | Noticed an eight-headed hydra
 16066 | Lair:4   | Killed a three-headed hydra
 16075 | Lair:4   | Killed a five-headed hydra
 16088 | Lair:4   | Gained mutation: You have a pair of large horns on your head. [demonic ancestry]
 16088 | Lair:4   | Reached XP level 13. HP: 90/96 MP: 13/22
 16129 | Lair:4   | Reached skill level 12 in Long Blades
 16714 | Lair:5   | Noticed Nessos
 16726 | Lair:5   | Killed Nessos
 17003 | Lair:5   | Got a faintly glowing robe
 17556 | Lair:6   | Entered Level 6 of the Lair of Beasts
 17849 | Lair:6   | Noticed Kirke
 17850 | Lair:6   | Reached skill level 13 in Long Blades
 17864 | Lair:6   | Killed Kirke
 17905 | Lair:6   | Found a staircase to the Slime Pits.
 17905 | Lair:6   | Found a viscous altar of Jiyva.
 18113 | Lair:6   | Noticed Vajrapani's ghost (journeyman GnWr)
 18179 | Lair:6   | Found the +5 mace of Variability {chaos}
 18286 | Lair:6   | Gained mutation: You are surrounded by a moderate repulsion field. (EV +3) [demonic ancestry]
 18286 | Lair:6   | Reached XP level 14. HP: 97/103 MP: 20/23
 18311 | Lair:6   | HP: 4/103 [death yak (3)]
 18311 | Lair:6   | Slain by a catoblepas

Vault maps used:
D:1:      dpeg_arrival_fog
D:2:      minmay_misc_feat_ornament
D:3:      nicolae_ashenzari_panopticon, chequers_ecumenical_altar_simple
D:4:      corexii_shantytown, temple_doors_e, serial_shops, shop_fountains
D:5:      first_bread, guppyfry_early_orc_mine, uniq_grinder, uniq_blork_the_orc
D:6:      basic_altar, gup_sewer_entry_glass, serial_shops, kennysheep_mini_moat
D:7:      uniq_prince_ribbit1
D:8:      lair_entry_dummy
D:9:      david_nohive_1, uniq_grum
D:10:     tgw_fedhas, uniq_joseph, uniq_snorg
D:11:     david_orc_3, serial_bayou, serial_bayou_shore_a,
          serial_bayou_lagoon_b, serial_bayou_crossing, serial_bayou_pond_d
Temple:   minmay_crystal_snake_temple
Lair:1:   serial_bayou_shore_b
Lair:2:   guppyfry_snake_entry_garden, serial_bayou_ford_a
Lair:4:   minmay_swamp_entry_swarm, st_stairs_3, kennysheep_basilisk_garden,
          grunt_megastairs_4, serial_bayou_shore_b
Lair:5:   special_room, minivault_25, lemuel_fruit_tree, uniq_nessos
Lair:6:   grunt_lair_end_beastmaster, slime_altar_1, st_stairs_5,
          hibernation_bobbens, uniq_kirke
Sewer:    kennysheep_pipe_town

Skill      XL: |  1  2  3  4  5  6  7  8  9 10 11 12 13 |
---------------+----------------------------------------+-----
Long Blades    | 2 3 4 5 7 8 10 11 13 | 13.7
Dodging        | 1 2 3 4 5 6 8 9 10 | 10.3
Armour         | 3 4 5 6 7 9 |  9.0
Shields        | 3 4 5 6 7 9 |  9.4
Invocations    | 2 4 6 8 |  8.0
Spellcasting   | 1 5 6 |  6.0
Fighting       | |  3.7

Action                   |  1- 3 |  4- 6 |  7- 9 | 10-12 | 13-15 || total
-------------------------+-------+-------+-------+-------+-------++-------
Melee: Long sword        |   153 |   288 |   479 |   596 |   225 ||  1741
       Headbutt          |       |       |    67 |   141 |    66 ||   274
Throw: Tomahawk          |       |       |     1 |       |       ||     1
Invok: Major Destruction |       |       |     2 |     3 |     2 ||     7
       Minor Destruction |       |       |       |    45 |     2 ||    47
Evoke: Wand              |       |       |     2 |       |       ||     2
  Use: Potion            |       |     2 |     1 |     5 |       ||     8
       Scroll            |       |     6 |     4 |     4 |     2 ||    16
 Stab: Distracted        |       |     1 |       |       |     2 ||     3
  Eat: Chunk             |     2 |    10 |    15 |    17 |     4 ||    48
       Fruit             |       |     1 |       |       |       ||     1
       Royal jelly       |       |       |     1 |       |       ||     1
       Bread ration      |       |       |       |     2 |     1 ||     3
Armor: Scale mail        |    86 |   122 |   150 |    58 |       ||   416
       Chain mail        |       |       |       |   145 |    91 ||   236
Dodge: Dodged            |    52 |   101 |   239 |   254 |    76 ||   722
Block: Shield            |    82 |   144 |   242 |   315 |    93 ||   876
       Rpst.: Long sword |    15 |    38 |    75 |    79 |    22 ||   229

Table legend:
 A = Spawn XP
 B = Non-spawn XP
 C = Spawn XP percentage of total XP
 D = Spawn monster count
 E = Non-spawn monster count
 F = Spawn count percentage of total count
 G = Total turns spent on level
                    A         B        C        D         E        F      G
               +---------+---------+-------+---------+---------+-------+---------
         Total |       0 |   67688 |   0.0 |       0 |     572 |   0.0 | 18311
               +---------+---------+-------+---------+---------+-------+---------
           D:1 |       0 |      28 |   0.0 |       0 |      20 |   0.0 |   650
           D:2 |       0 |      63 |   0.0 |       0 |      27 |   0.0 |   853
           D:3 |       0 |     195 |   0.0 |       0 |      22 |   0.0 |  1718
           D:4 |       0 |     385 |   0.0 |       0 |      45 |   0.0 |  1257
           D:5 |       0 |     772 |   0.0 |       0 |      23 |   0.0 |  1323
           D:6 |       0 |    1012 |   0.0 |       0 |      41 |   0.0 |   734
           D:7 |       0 |     791 |   0.0 |       0 |      21 |   0.0 |   695
           D:8 |       0 |    1242 |   0.0 |       0 |      33 |   0.0 |  1163
           D:9 |       0 |    4047 |   0.0 |       0 |      51 |   0.0 |  1199
          D:10 |       0 |    4112 |   0.0 |       0 |      42 |   0.0 |  1046
          D:11 |       0 |    3466 |   0.0 |       0 |      39 |   0.0 |  1135
          D:12 |       0 |    4793 |   0.0 |       0 |      22 |   0.0 |  1105
        Lair:1 |       0 |    5816 |   0.0 |       0 |      23 |   0.0 |   811
        Lair:2 |       0 |    5072 |   0.0 |       0 |      15 |   0.0 |  1456
        Lair:3 |       0 |     952 |   0.0 |       0 |       5 |   0.0 |   488
        Lair:4 |       0 |    9470 |   0.0 |       0 |      40 |   0.0 |   810
        Lair:5 |       0 |   10325 |   0.0 |       0 |      39 |   0.0 |   848
        Lair:6 |       0 |   15015 |   0.0 |       0 |      40 |   0.0 |   755
         Sewer |       0 |     132 |   0.0 |       0 |      24 |   0.0 |   250
               +---------+---------+-------+---------+---------+-------+---------
